AoeStats
← bluismer

Black Forest

510252829Analyzed
3v3 RM · 2d ago on Sep 30, 2026· 56m 36s· 6 players
Game mode
Random Map
Map size
Normal (6 player)
Population
200
Speed
Normal
Resources
Standard
Victory
Conquest
Starting age
Dark Age
Ending age
Imperial Age
RankedLock teamsTeams togetherTeam positionsShared explorationLock speedFull tech treeHidden civsTurbo modeCheats
Victory
Defeat
🇲🇽 Khmer · Mexico
532
+14
🇲🇽 Inca · Mexico
531
+14
🇺🇸 Poles · United States
531
+14
🇹🇼 Japanese · Taiwan
641
-20
🇻🇪 Khmer · Venezuela
418
-11
🇺🇸 Spanish · United States
411
-11
Porowy
0:31 Loom
10:47 Feudal Age
12:43 Wheelbarrow
13:31 Man-at-Arms
18:21 Double-Bit Axe
18:54 Horse Collar
24:53 Castle Age
25:07 Forging
28:11 Town Watch
33:19 Scale Barding Armor
42:28 Imperial Age
40:15 Hand Cart
40:04 Town Patrol
40:42 Heavy Plow
42:16 Light Cavalry
42:58 Husbandry
43:09 Bloodlines
43:47 Gold Mining
45:30 Chemistry
47:51 Forging
Tosko9760
0:32 Loom
15:53 Feudal Age
17:40 Double-Bit Axe
18:20 Town Watch
20:49 Wheelbarrow
20:00 Horse Collar
22:19 Gold Mining
22:20 Stone Mining
22:58 Fletching
30:03 Castle Age
28:12 Arson
27:53 Champi Runner
31:05 Bow Saw
31:02 Heavy Plow
36:21 Squires
35:42 Pikeman
35:43 Champi Warrior
37:29 Gold Shaft Mining
37:30 Stone Shaft Mining
36:56 Bodkin Arrow
37:13 Forging
37:04 Scale Mail Armor
37:05 Padded Archer Armor
41:38 Imperial Age
41:06 Chain Mail Armor
41:06 Leather Archer Armor
41:27 Iron Casting
41:03 Thumb Ring
41:38 Hand Cart
41:50 Murder Holes
41:37 Treadmill Crane
42:18 Ballistics
41:42 Elite Skirmisher
45:52 Town Patrol
46:38 Conscription
46:21 Andean Sling
47:29 Elite Kamayuk
49:06 Crop Rotation
49:37 Elite Champi Warrior
50:57 Caravan
51:09 Halberdier
54:01 Fabric Shields
MordorQva
11:08 Feudal Age
14:22 Double-Bit Axe
20:29 Castle Age
19:33 Gold Mining
22:19 Wheelbarrow
22:17 Bow Saw
24:29 Horse Collar
27:33 Hand Cart
28:26 Stone Mining
29:43 Caravan
30:53 Heavy Plow
32:00 Scale Barding Armor
31:55 Scale Mail Armor
32:06 Forging
31:59 Loom
35:23 Imperial Age
33:04 Szlachta Privileges
34:50 Chain Barding Armor
34:45 Chain Mail Armor
35:06 Iron Casting
35:28 Bloodlines
35:19 Husbandry
36:51 Crop Rotation
35:50 Cavalier
36:59 Conscription
37:28 Iron Casting
37:23 Plate Mail Armor
37:56 Chemistry
37:17 Ballistics
36:44 Arrowslits
36:50 Guard Tower
38:08 Town Watch
39:31 Blast Furnace
39:59 Stone Shaft Mining
40:35 Bombard Tower
41:28 Elite Obuch
49:03 Padded Archer Armor
48:54 Fletching
Kukki1160
0:29 Loom
12:12 Feudal Age
14:25 Wheelbarrow
13:35 Town Watch
13:35 Horse Collar
13:46 Double-Bit Axe
20:09 Gold Mining
20:10 Stone Mining
24:44 Castle Age
25:44 Hand Cart
27:53 Bow Saw
27:50 Heavy Plow
28:56 Stone Shaft Mining
37:55 Imperial Age
38:03 Caravan
38:37 Coinage
38:41 Pikeman
39:07 Gambesons
39:23 Squires
39:09 Arson
39:50 Halberdier
41:48 Two-Man Saw
41:56 Chemistry
42:01 Elite Conquistador
51:00 Cavalier
bluismer
0:32 Loom
12:33 Feudal Age
24:21 Castle Age
23:55 Stone Mining
27:29 Fishing Lines
30:01 Stone Shaft Mining
32:51 Horse Collar
37:58 Imperial Age
37:50 Wheelbarrow
39:23 Heavy Plow
39:12 Double-Bit Axe
43:12 Crop Rotation
42:55 Bow Saw
49:34 Chemistry
48:54 Ballistics
48:41 Siphons
48:48 Fortified Wall
49:24 Pikeman
49:27 Man-at-Arms
50:28 Gold Mining
50:19 Halberdier
50:22 Long Swordsman
9830099
2:00 Loom
13:15 Feudal Age
14:09 Double-Bit Axe
15:46 Gold Mining
17:34 Horse Collar
20:17 Wheelbarrow
19:28 Town Watch
24:38 Castle Age
25:35 Heavy Plow
27:09 Bow Saw
30:06 Ballistics
30:31 Caravan
30:29 Treadmill Crane
31:41 Stone Mining
34:31 Pikeman
35:47 Squires
36:39 Fletching
37:02 Forging
42:10 Imperial Age
39:56 Murder Holes
44:31 Two-Man Saw
46:19 Chemistry
46:20 Kataparuto
Connection lost

Rejoining the realm…

Still unreachable

The connection could not be restored.

Session expired

The server has moved on; the page needs a fresh start.